APP
WASHINGTON (APP) NATIONALS @ JOHNSON CITY CARDINALS
10/30/2044
 
TOP OF THE 1ST
Tampa Bay (WIN) Rays batting - Pitching for Arizona (WIN) Diamondbacks : RHP David Mendoza
Pitching: RHP David Mendoza
Batting: RHB John Ham 0-0: Ball
1-0: Ball
2-0: Ball
3-0: Base on Balls
Batting: RHB Nick Sharp 0-0: Ball
1-0: Called Strike
1-1: Ball
2-1: Foul Ball, location: 2F
2-2: Fly out, F3 (Line Drive, 3, EV 68.8 MPH)
Batting: LHB Jimmy Buscemi 0-0: SINGLE (Line Drive, 4MD, EV 98.8 MPH)
John Ham to second
Throwing error, E8
John Ham scores
Jimmy Buscemi to second
Batting: LHB Kyle Schaible 0-0: Ball
1-0: Swinging Strike
1-1: Ball
2-1: Foul Ball, location: 2F
2-2: Foul Ball, location: 2F
2-2: Fly out, F9 (Flyball, 9LM, EV 105.6 MPH)
Batting: SHB Ben Pierce 0-0: Called Strike
0-1: Called Strike
0-2: Ball
1-2: Ball
2-2: Fly out, F5 (Flyball, 5D, EV 91.9 MPH)
Top of the 1st over - 1 run, 1 hit, 1 error, 1 left on base; Tampa Bay (WIN) 1 - Arizona (WIN) 0
BOTTOM OF THE 1ST
Arizona (WIN) Diamondbacks batting - Pitching for Tampa Bay (WIN) Rays : RHP Carlos Palacios
Pitching: RHP Carlos Palacios
Now in RF: Alfredo Moreno
Batting: RHB Katilimomi Kelekolio 0-0: Ball
1-0: Called Strike
1-1: Swinging Strike
1-2: Foul Ball, location: 2F
1-2: Foul Ball, location: 2F
1-2: SINGLE (Groundball, 6MD, EV 94.4 MPH)
Batting: RHB Jon Solano 0-0: Ball
1-0: Ball
2-0: Called Strike
2-1: Foul Ball, location: 2F
2-2: Foul Ball, location: 2F
2-2: Ball
3-2: Strikes out looking
Katilimomi Kelekolio steals 2nd base (no throw)
Batter strikes out.
Batting: LHB Roy Steigerwald 0-0: Ball
1-0: Fly out, F9 (Flyball, 89XD, EV 100.0 MPH)
Batting: RHB David Price Jr. 0-0: Ground out 5-3 (Groundball, 5S, EV 67.5 MPH)
Bottom of the 1st over - 0 runs, 1 hit, 0 errors, 1 left on base; Tampa Bay (WIN) 1 - Arizona (WIN) 0
TOP OF THE 2ND
Tampa Bay (WIN) Rays batting - Pitching for Arizona (WIN) Diamondbacks : RHP David Mendoza
Batting: LHB Angel Ruvalcaba 0-0: Ball
1-0: Foul Ball, location: 2F
1-1: Called Strike
1-2: Strikes out swinging
Batting: RHB Alfredo Moreno 0-0: Foul Ball, location: 2F
0-1: Called Strike
0-2: Ball
1-2: Ball
2-2: Foul Ball, location: 2F
2-2: Foul Ball, location: 2F
2-2: Strikes out looking
Batting: SHB Willie Koviak 0-0: Called Strike
0-1: Ball
1-1: Ball
2-1: SOLO HOME RUN (Flyball, 9D, EV 93.8 MPH), Distance : 376 ft
Batting: RHB Orlando Herrera 0-0: Ball
1-0: Fly out, F2 (Popup, 23F, EV 91.3 MPH)
Top of the 2nd over - 1 run, 1 hit, 0 errors, 0 left on base; Tampa Bay (WIN) 2 - Arizona (WIN) 0
BOTTOM OF THE 2ND
Arizona (WIN) Diamondbacks batting - Pitching for Tampa Bay (WIN) Rays : RHP Carlos Palacios
Batting: RHB Fabrice Bertin 0-0: Ball
1-0: Called Strike
1-1: Fly out, F7 (Flyball, 78D, EV 102.5 MPH)
Batting: SHB Warren Eisner 0-0: Ball
1-0: Bunt for hit to 2R - play at first, batter OUT! 2-3
Batting: RHB Andy Swaim 0-0: Called Strike
0-1: Ball
1-1: SINGLE (Line Drive, 4MD, EV 94.4 MPH)
Batting: LHB Steve Reinhart 0-0: Called Strike
0-1: SINGLE (Groundball, 6S, EV 65.0 MPH) (infield hit)
Andy Swaim to second
Batting: RHB Tai Joo 0-0: Called Strike
0-1: Ball
1-1: Fly out, F3 (Popup, 3, EV 83.1 MPH)
Bottom of the 2nd over - 0 runs, 2 hits, 0 errors, 2 left on base; Tampa Bay (WIN) 2 - Arizona (WIN) 0
TOP OF THE 3RD
Tampa Bay (WIN) Rays batting - Pitching for Arizona (WIN) Diamondbacks : RHP David Mendoza
Batting: RHB John Ham 0-0: Called Strike
0-1: DOUBLE (Groundball, 5L, EV 106.3 MPH)
Batting: RHB Nick Sharp 0-0: Called Strike
0-1: Ball
1-1: Foul Ball, location: 2F
1-2: Foul Ball, location: 2F
1-2: Foul Ball, location: 2F
1-2: Ball
2-2: Strikes out swinging
Batting: LHB Jimmy Buscemi 0-0: Called Strike
0-1: Ball
1-1: Ball
2-1: Foul Ball, location: 2F
2-2: Ball
3-2: Strikes out swinging
Batting: LHB Kyle Schaible 0-0: Swinging Strike
0-1: Called Strike
0-2: Foul Ball, location: 2F
0-2: Fly out, F4 (Flyball, 4MD, EV 83.8 MPH)
Top of the 3rd over - 0 runs, 1 hit, 0 errors, 1 left on base; Tampa Bay (WIN) 2 - Arizona (WIN) 0
BOTTOM OF THE 3RD
Arizona (WIN) Diamondbacks batting - Pitching for Tampa Bay (WIN) Rays : RHP Carlos Palacios
DELAY Rain delay of 19 minutes in the 3rd inning.
Batting: RHB Katilimomi Kelekolio 0-0: Ball
1-0: Called Strike
1-1: Foul Ball, location: 2F
1-2: Ball
2-2: Ball
3-2: Foul Ball, location: 2F
3-2: Fly out, F9 (Flyball, 9LS, EV 88.1 MPH)
Batting: RHB Jon Solano 0-0: Fly out, F9 (Flyball, 89D, EV 98.1 MPH)
Batting: LHB Roy Steigerwald 0-0: Fly out, F9 (Flyball, 89M, EV 78.8 MPH)
Bottom of the 3rd over - 0 runs, 0 hits, 0 errors, 0 left on base; Tampa Bay (WIN) 2 - Arizona (WIN) 0
TOP OF THE 4TH
Tampa Bay (WIN) Rays batting - Pitching for Arizona (WIN) Diamondbacks : RHP David Mendoza
Batting: SHB Ben Pierce 0-0: Foul Ball, location: 2F
0-1: Ball
1-1: Foul Ball, location: 2F
1-2: Ball
2-2: Ball
3-2: Foul Ball, location: 2F
3-2: Base on Balls
Batting: LHB Angel Ruvalcaba 0-0: Foul Ball, location: 2F
0-1: Fly out, F7 (Flyball, 78S, EV 86.3 MPH)
Batting: RHB Alfredo Moreno 0-0: Foul Ball, location: 2F
0-1: Swinging Strike
0-2: Strikes out looking
Batting: SHB Willie Koviak 0-0: Foul Ball, location: 2F
0-1: Fly out, F8 (Flyball, 78S, EV 93.8 MPH)
Top of the 4th over - 0 runs, 0 hits, 0 errors, 1 left on base; Tampa Bay (WIN) 2 - Arizona (WIN) 0
BOTTOM OF THE 4TH
Arizona (WIN) Diamondbacks batting - Pitching for Tampa Bay (WIN) Rays : RHP Carlos Palacios
Batting: RHB David Price Jr. 0-0: Called Strike
0-1: Ball
1-1: Ball
2-1: Foul Ball, location: 2F
2-2: DOUBLE (Flyball, 8LXD, EV 99.4 MPH)
Batting: RHB Fabrice Bertin 0-0: Called Strike
0-1: Ball
1-1: Ball
2-1: Ball
3-1: Called Strike
3-2: SINGLE (Groundball, 34D, EV 107.5 MPH)
David Price Jr. to third
Batting: SHB Warren Eisner 0-0: Called Strike
0-1: Ball
1-1: Grounds into double play, 4-6-3 (Groundball, 4, EV 80.0 MPH)
David Price Jr. scores
Batting: RHB Andy Swaim 0-0: Ground out 5-3 (Groundball, 56, EV 99.4 MPH)
Bottom of the 4th over - 1 run, 2 hits, 0 errors, 0 left on base; Tampa Bay (WIN) 2 - Arizona (WIN) 1
TOP OF THE 5TH
Tampa Bay (WIN) Rays batting - Pitching for Arizona (WIN) Diamondbacks : RHP David Mendoza
Batting: RHB Orlando Herrera 0-0: Swinging Strike
0-1: SOLO HOME RUN (Flyball, 7D, EV 95.6 MPH), Distance : 381 ft
Batting: RHB John Ham 0-0: Swinging Strike
0-1: Ball
1-1: Foul Ball, location: 2F
1-2: Foul Ball, location: 2F
1-2: Strikes out swinging
Batting: RHB Nick Sharp 0-0: Called Strike
0-1: Called Strike
0-2: Ball
1-2: Foul Ball, location: 2F
1-2: Foul Ball, location: 2F
1-2: Ball
2-2: Foul Ball, location: 2F
2-2: Ball
3-2: Fly out, F8 (Line Drive, 8LD, EV 88.8 MPH)
Batting: LHB Jimmy Buscemi 0-0: Called Strike
0-1: Ball
1-1: Ball
2-1: Ball
3-1: Called Strike
3-2: Strikes out swinging
Top of the 5th over - 1 run, 1 hit, 0 errors, 0 left on base; Tampa Bay (WIN) 3 - Arizona (WIN) 1
BOTTOM OF THE 5TH
Arizona (WIN) Diamondbacks batting - Pitching for Tampa Bay (WIN) Rays : RHP Carlos Palacios
Batting: LHB Steve Reinhart 0-0: Called Strike
0-1: Swinging Strike
0-2: Ball
1-2: Strikes out swinging
Batting: RHB Tai Joo 0-0: SINGLE (Groundball, 56D, EV 100.0 MPH)
Batting: RHB Katilimomi Kelekolio 0-0: Called Strike
0-1: Ball
1-1: Ball
2-1: Ball
3-1: Called Strike
3-2: Foul Ball, location: 2F
3-2: 2-RUN HOME RUN (Line Drive, 7D, EV 105.6 MPH), Distance : 413 ft
Batting: RHB Jon Solano 0-0: Called Strike
0-1: Ball
1-1: Foul Ball, location: 2F
1-2: Fly out, F9 (Flyball, 9LS, EV 73.8 MPH)
Batting: LHB Roy Steigerwald 0-0: Foul Ball, location: 2F
0-1: Foul Ball, location: 2F
0-2: Foul Ball, location: 2F
0-2: Ball
1-2: Fly out, F9 (Line Drive, 9S, EV 100.0 MPH)
Bottom of the 5th over - 2 runs, 2 hits, 0 errors, 0 left on base; Tampa Bay (WIN) 3 - Arizona (WIN) 3
TOP OF THE 6TH
Tampa Bay (WIN) Rays batting - Pitching for Arizona (WIN) Diamondbacks : RHP David Mendoza
Batting: LHB Kyle Schaible 0-0: Ball
1-0: Ball
2-0: Ball
3-0: Base on Balls
Batting: SHB Ben Pierce 0-0: Swinging Strike
0-1: Ball
1-1: Ball
2-1: DOUBLE (Flyball, 78D, EV 99.4 MPH)
Kyle Schaible to third
Batting: LHB Angel Ruvalcaba 0-0: Intentional Walk
Pitching: RHP Manny Ferrer
Batting: RHB Alfredo Moreno 0-0: Ball
1-0: SINGLE (Groundball, 4D, EV 108.8 MPH)
Kyle Schaible scores
Ben Pierce to third
Angel Ruvalcaba to second
Batting: SHB Willie Koviak 0-0: Foul Ball, location: 2F
0-1: Fly out, F7 (Line Drive, 7D, EV 102.5 MPH)
Runner from 3rd tags up, OUT at HOME! 7-2
Angel Ruvalcaba to third
Alfredo Moreno to second
Batting: RHB Orlando Herrera 0-0: Ball
1-0: SINGLE (Flyball, 56D, EV 98.8 MPH)
Angel Ruvalcaba scores
Alfredo Moreno to third
Runner from 3rd tries for Home, throw by LF and OUT! 7-2
Top of the 6th over - 2 runs, 3 hits, 0 errors, 1 left on base; Tampa Bay (WIN) 5 - Arizona (WIN) 3
BOTTOM OF THE 6TH
Arizona (WIN) Diamondbacks batting - Pitching for Tampa Bay (WIN) Rays : RHP Carlos Palacios
Batting: RHB David Price Jr. 0-0: Called Strike
0-1: Swinging Strike
0-2: Ball
1-2: Foul Ball, location: 2F
1-2: Ball
2-2: Fly out, F7 (Flyball, 7LM, EV 90.0 MPH)
Batting: RHB Fabrice Bertin 0-0: Fly out, F7 (Flyball, 7, EV 91.9 MPH)
Batting: SHB Warren Eisner 0-0: Ball
1-0: TRIPLE (Line Drive, 89XD, EV 98.8 MPH)
Batting: RHB Andy Swaim 0-0: Ball
1-0: Ball
2-0: Ball
3-0: Called Strike
3-1: Called Strike
3-2: Base on Balls
Batting: LHB Steve Reinhart 0-0: Ball
Pickoff Throw to First - Error! E1
Warren Eisner scores
Andy Swaim to second
1-0: Called Strike
1-1: Swinging Strike
1-2: Foul Ball, location: 2F
1-2: Ball
2-2: Strikes out swinging
Bottom of the 6th over - 1 run, 1 hit, 1 error, 1 left on base; Tampa Bay (WIN) 5 - Arizona (WIN) 4
TOP OF THE 7TH
Tampa Bay (WIN) Rays batting - Pitching for Arizona (WIN) Diamondbacks : RHP Manny Ferrer
Batting: RHB John Ham 0-0: Ball
1-0: Ball
2-0: Ball
3-0: Base on Balls
Batting: RHB Nick Sharp 0-0: Bunted foul
0-1: Called Strike
John Ham steals 2nd base
0-2: Ball
1-2: Foul Ball, location: 2F
1-2: DOUBLE (Flyball, 89D, EV 110.6 MPH)
John Ham scores
Batting: LHB Jimmy Buscemi 0-0: Intentional Walk
Batting: LHB Kyle Schaible 0-0: Swinging Strike
0-1: Foul Ball, location: 2F
0-2: Strikes out swinging
Batting: SHB Ben Pierce 0-0: Ball
1-0: Ball
2-0: Ball
3-0: Called Strike
3-1: Called Strike
3-2: Base on Balls
Nick Sharp to third
Jimmy Buscemi to second
Batting: LHB Angel Ruvalcaba 0-0: Called Strike
0-1: Ball
1-1: Ball
2-1: Swinging Strike
2-2: Ball
3-2: Fly out, F8 (Line Drive, 8RD, EV 93.1 MPH)
Runner from 3rd tags up, SCORES, throw by CF
Jimmy Buscemi to third
Batting: RHB Alfredo Moreno 0-0: Ball
1-0: Ground out 6-3 (Groundball, 56, EV 102.5 MPH)
Top of the 7th over - 2 runs, 1 hit, 0 errors, 2 left on base; Tampa Bay (WIN) 7 - Arizona (WIN) 4
BOTTOM OF THE 7TH
Arizona (WIN) Diamondbacks batting - Pitching for Tampa Bay (WIN) Rays : RHP Carlos Palacios
Batting: RHB Tai Joo 0-0: Swinging Strike
0-1: Ball
1-1: Called Strike
1-2: Foul Ball, location: 2F
1-2: Ball
2-2: Fly out, F8 (Flyball, 8RM, EV 96.9 MPH)
Pitching: RHP Jeremy Price
Batting: RHB Katilimomi Kelekolio 0-0: Foul Ball, location: 2F
0-1: Swinging Strike
0-2: Ball
1-2: Strikes out swinging
Batting: RHB Jon Solano 0-0: Called Strike
0-1: Swinging Strike
0-2: Ball
1-2: Strikes out swinging
Bottom of the 7th over - 0 runs, 0 hits, 0 errors, 0 left on base; Tampa Bay (WIN) 7 - Arizona (WIN) 4
TOP OF THE 8TH
Tampa Bay (WIN) Rays batting - Pitching for Arizona (WIN) Diamondbacks : RHP Manny Ferrer
Pitching: RHP Bill Pauley
Batting: SHB Willie Koviak 0-0: Ball
1-0: Foul Ball, location: 2F
1-1: Foul Ball, location: 2F
1-2: Foul Ball, location: 2F
1-2: Ball
2-2: Foul Ball, location: 2F
2-2: Strikes out swinging
Batting: RHB Orlando Herrera 0-0: Swinging Strike
0-1: Called Strike
0-2: Strikes out swinging
Batting: RHB John Ham 0-0: Called Strike
0-1: Foul Ball, location: 2F
0-2: DOUBLE (Line Drive, 7LS, EV 100.0 MPH)
Batting: RHB Nick Sharp 0-0: Foul Ball, location: 2F
0-1: Called Strike
0-2: Foul Ball, location: 2F
0-2: Strikes out swinging
Top of the 8th over - 0 runs, 1 hit, 0 errors, 1 left on base; Tampa Bay (WIN) 7 - Arizona (WIN) 4
BOTTOM OF THE 8TH
Arizona (WIN) Diamondbacks batting - Pitching for Tampa Bay (WIN) Rays : RHP Jeremy Price
Batting: LHB Roy Steigerwald 0-0: Fly out, F4 (Line Drive, 4, EV 67.5 MPH)
Batting: RHB David Price Jr. 0-0: Ball
1-0: Ball
2-0: Foul Ball, location: 2F
2-1: Foul Ball, location: 2F
2-2: Ground out 5-3 (Groundball, 56, EV 110.0 MPH)
Batting: RHB Fabrice Bertin 0-0: Called Strike
0-1: Ground out 5-3 (Groundball, 5, EV 101.9 MPH)
Bottom of the 8th over - 0 runs, 0 hits, 0 errors, 0 left on base; Tampa Bay (WIN) 7 - Arizona (WIN) 4
TOP OF THE 9TH
Tampa Bay (WIN) Rays batting - Pitching for Arizona (WIN) Diamondbacks : RHP Bill Pauley
Batting: LHB Jimmy Buscemi 0-0: Called Strike
0-1: Called Strike
0-2: Ball
1-2: Strikes out swinging
Batting: LHB Kyle Schaible 0-0: Ball
1-0: Foul Ball, location: 2F
1-1: Swinging Strike
1-2: Foul Ball, location: 2F
1-2: Foul Ball, location: 2F
1-2: Ball
2-2: Ground out 4-3 (Groundball, 34D, EV 107.5 MPH)
Batting: SHB Ben Pierce 0-0: Fly out, F7 (Line Drive, 7D, EV 109.4 MPH)
Top of the 9th over - 0 runs, 0 hits, 0 errors, 0 left on base; Tampa Bay (WIN) 7 - Arizona (WIN) 4
BOTTOM OF THE 9TH
Arizona (WIN) Diamondbacks batting - Pitching for Tampa Bay (WIN) Rays : RHP Jeremy Price
Pitching: RHP Justin Stone
Batting: SHB Warren Eisner 0-0: Ball
1-0: Ball
2-0: SINGLE (Flyball, 8RS, EV 98.8 MPH)
Batting: RHB Andy Swaim 0-0: Ball
1-0: Swinging Strike
1-1: Foul Ball, location: 2F
1-2: Fly out, F4 (Flyball, 34D, EV 86.3 MPH)
Batting: LHB Steve Reinhart 0-0: Ball
1-0: Foul Ball, location: 2F
1-1: Ball
2-1: Swinging Strike
2-2: Strikes out swinging
Batting: RHB Tai Joo 0-0: Ball
1-0: Called Strike
1-1: Ground out 6-3 (Groundball, P, EV 84.4 MPH)
Bottom of the 9th over - 0 runs, 1 hit, 0 errors, 1 left on base; Tampa Bay (WIN) 7 - Arizona (WIN) 4
Thursday, March 31st , 2022 - OOTP Baseball 22.12 Build 89